 Dungeon Crawl Stone Soup version 0.29.1-15-g9cfb28693d (webtiles) character file.

Game seed: 3793402132612301685

8361 McKennaii the Geomancer (level 10, -3/69 HPs)
             Began as a Demigod Earth Elementalist on Feb 25, 2023.
             Slain by a death yak (17 damage)
             ... on level 8 of the Dungeon.
             The game lasted 00:16:22 (10641 turns).

McKennaii the Geomancer (DgEE)                     Turns: 10641, Time: 00:16:23

Health: -3/69      AC: 14    Str:  9    XL:     10   Next: 82%
Magic:  2/26       EV: 10    Int: 29    God:
Gold:   449        SH:  0    Dex: 20    Spells: 8/25 levels left

rFire   + . .      SeeInvis .   u - staff of conjuration
rCold   + . .      Faith    .   (no shield)
rNeg    . . .      Spirit   .   A - +2 ring mail {rF+}
rPois   .          Reflect  .   L - +2 hat
rElec   .          Harm     .   C - +0 cloak
rCorr   .          Rampage  +   (no gloves)
Will    +....                   P - +2 pair of boots {rampage}
Stlth   ++........              (no amulet)
HPRegen 0.21/turn               m - ring of protection from cold
MPRegen 0.20/turn               H - +6 ring of dexterity

@: no status effects
A: high MP 1, forlorn, divine attributes
a: no special abilities


You were on level 8 of the Dungeon.
You visited 1 branch of the dungeon, and saw 9 of its levels.

You collected 449 gold pieces.

Inventory:

Hand Weapons
 J - a +2 short sword of venom
Missiles
 v - a throwing net
Armour
 A - a +2 ring mail of fire resistance (worn)
 C - a +0 cloak (worn)
 D - a +2 leather armour of cold resistance
 L - a +2 hat (worn)
 P - a +2 pair of boots of rampaging (worn)
Magical Staves
 l - a staff of fire
 u - a staff of conjuration (weapon)
Jewellery
 m - a ring of protection from cold (left hand)
 H - a +6 ring of dexterity (right hand)
 N - a +4 ring of evasion
Wands
 p - a wand of flame (10)
 E - a wand of paralysis (21)
 I - a wand of roots (13)
 K - a wand of digging (4)
 M - a wand of polymorph (13)
Scrolls
 a - a scroll of enchant armour
 e - 3 scrolls of vulnerability
 f - a scroll of identify
 h - 3 scrolls of teleportation
 j - a scroll of amnesia
 k - 4 scrolls of fog
 o - a scroll of poison
 r - 2 scrolls of immolation
 x - 3 scrolls of enchant weapon
 y - a scroll of silence {unknown}
 G - a scroll of magic mapping {unknown}
Potions
 b - a potion of magic
 c - 2 potions of attraction
 d - 2 potions of resistance
 g - 6 potions of curing
 i - a potion of ambrosia
 q - 3 potions of might {unknown}
 s - 2 potions of invisibility {unknown}
 t - 2 potions of haste {unknown}
 w - 5 potions of lignification {unknown}
 z - 2 potions of flight {unknown}
 B - 2 potions of brilliance {unknown}
 F - 3 potions of mutation {unknown}
 O - a potion of degeneration {unknown}
 Q - a potion of berserk rage {unknown}


   Skills:
 - Level 4.0 Armour
 - Level 1.7 Dodging
 - Level 1.7 Stealth
 + Level 8.4 Spellcasting
 + Level 8.6 Conjurations
 - Level 0.8 Transmutations
 + Level 9.4 Earth Magic


You had 8 spell levels left.
You knew the following spells:

 Your Spells              Type           Power      Damage    Failure   Level
a - Sandblast             Erth           100%       2d20      1%          1
b - Stone Arrow           Conj/Erth      100%       3d13      1%          3
c - Iskenderun's Mystic   Conj/Tloc      54%        2d12      19%         4
d - Lee's Rapid Deconstr  Erth           30%        3d17*     7%          5
e - Petrify               Tmut/Erth      41%        N/A       14%         4

Your spell library contained the following spells:

 Spells                   Type           Power      Damage    Failure   Level
 Passwall                 Tmut/Erth      34%        N/A       2%          2
 Static Discharge         Conj/Air       54%        3-10/arc  3%          2
 Mephitic Cloud           Conj/Pois/Air  43%        N/A       11%         3
 Freeze                   Ice            48%        1d7       12%         1
 Blink                    Tloc           24%        N/A       17%         2
 Fulminant Prism          Conj/Hex       27%        3d14      19%         4
 Hailstorm                Conj/Ice       54%        3d12      19%         4
 Sticky Flame             Conj/Fire      54%        2d7       19%         4
 Ignite Poison            Fire/Tmut/Pois 13%        N/A       30%         3
 Confusing Touch          Hex            12%        N/A       34%         3
 Frozen Ramparts          Ice            24%        1d4       34%         3
 Gell's Gravitas          Tloc           12%        N/A       34%         3
 Teleport Other           Tloc           12%        N/A       34%         3
 Freezing Cloud           Conj/Ice/Air   21%        6-21      69%         5
 Corpse Rot               Necr/Pois/Air  12%        N/A       75%         4
 Dispel Undead            Necr           12%        3d9       75%         4
 Statue Form              Tmut/Erth      27%        N/A       91%         6
 Yara's Violent Unravell  Hex/Tmut       7%         3d5       95%         5
 Manifold Assault         Tloc           12%        N/A       97%         5
 Metabolic Englaciation   Hex/Ice        6%         N/A       97%         5
 Death Channel            Necr           6%         N/A       100%        6
 Dispersal                Tloc           6%         N/A       100%        6
 Enfeeble                 Hex            6%         N/A       100%        7
 Storm Form               Tmut/Air       7%         N/A       100%        7


Dungeon Overview and Level Annotations

Branches:
Dungeon (9/15)             Temple (0/1) D:5            Lair (0/5) D:9
    Orc: D:9-12

Shops:
D:7 [


Innate Abilities, Weirdness & Mutations

You have an increased reservoir of magic. (+10% MP)
You shall have no god before yourself.
Your divine heritage dramatically boosts your attributes as you level up.


Message History

The death yak is almost dead.
The blast of rock fragments hits the death yak!
The death yak is heavily wounded.
The death yak gores you.
* * * LOW HITPOINT WARNING * * *
Unknown command.
Unknown command.
Casting: Lee's Rapid Deconstruction (dangerous; 7% risk of failure)
Confirm with . or Enter, or press ? or * to list all spells.
Aiming: Lee's Rapid Deconstruction (dangerous; 7% risk of failure)
Press: ? - help, Dir - move target A rock wall.
The wall shatters!
The blast of rock fragments hits the death yak!!
You kill the death yak!
The blast of rock fragments hits the death yak.
The death yak is heavily wounded.
Unknown command.
Unknown command.
Casting: Lee's Rapid Deconstruction (dangerous; 7% risk of failure)
Confirm with . or Enter, or press ? or * to list all spells.
Aiming: Lee's Rapid Deconstruction (dangerous; 7% risk of failure)
Press: ? - help, Dir - move target A rock wall.
The wall shatters!
The blast of rock fragments hits the death yak!!
The death yak is almost dead.
The death yak barely misses you.
Unknown command.
Unknown command.
Casting: Lee's Rapid Deconstruction (dangerous; 7% risk of failure)
Confirm with . or Enter, or press ? or * to list all spells.
Aiming: Lee's Rapid Deconstruction (dangerous; 7% risk of failure)
Press: ? - help, Dir - move target A rock wall.
The wall shatters!
The blast of rock fragments hits the death yak!
The death yak is almost dead.
The death yak gores you!
You die...

###.#.##.##.# #.....≈.....≈
###.#.##.##.# #.....)......
......##.##.###############...#.#
.##.####.##..............##)..#..
.##.# #.###############.##.###.#
.##.# #..######## #........#
#...# ##........# ####.#####
.#### #.######Y# #.##### .# #.#
#@# #.....# .# #<# #.# #.###.# .#
#.#### #.# ##...... <# #....# #.#
#..≈≈≈≈≈ .# #.##.# #.# #.≈≈##.#
.# #.##.# #.# #.≈##... .# #.##.#
#.# ##.~#.[.. ## #.##># #.#
#........ #.##.###.# ##..~#....


You could see a death yak.

Vanquished Creatures
  A death yak (D:8)
  An orc sorcerer (D:8)
  Joseph (D:7)
  A troll (D:9)
  A hornet (D:9)
  Grinder (D:5)
  Sigmund (D:5)
  3 wyverns
  Eustachio (D:5)
  11 yaks
  An acid dragon (D:8)
  2 water moccasins
  Duvessa (D:5)
  2 orc warriors (D:9)
  2 sky beasts
  3 black bears
  2 ice beasts
  An ogre (D:6)
  A phantom (D:6)
  6 necrophages
  4 bullfrogs
  3 scorpions
  9 wights
  Dowan (D:5)
  4 killer bees (D:8)
  An electric eel (D:8)
  A howler monkey (D:8)
  A human zombie (D:4)
  2 jellies
  Crazy Yiuf (D:4)
  5 hounds
  3 gnoll boudas
  5 orc priests
  3 human skeletons (D:4)
  3 iguanas
  8 orc wizards
  Ijyb (D:5)
  A killer bee zombie (D:7)
  2 howler monkey zombies (D:7)
  11 gnolls
  4 adders
  2 white imps
  A worm (D:2)
  2 dart slugs
  23 orcs
  2 ball pythons
  8 bats
  8 endoplasms
  4 giant cockroaches
  4 goblins
  10 hobgoblins
  10 jackals
  3 quokkas
  4 frilled lizards
  A kobold (D:4)
  An orc skeleton (D:4)
  An orc zombie (D:4)
  6 rats
  A rat zombie (D:4)
  A bush (D:7)
208 creatures vanquished.

Vanquished Creatures (others)
  4 fungi (D:4)
  12 plants
16 creatures vanquished.

Grand Total: 224 creatures vanquished

Notes
Turn   | Place    | Note
-------+----------+-------------------------------------------
     0 | D:1      | McKennaii the Demigod Earth Elementalist began the quest
                  | for the Orb.
     0 | D:1      | Reached XP level 1. HP: 14/14 MP: 5/5
   299 | D:1      | Reached skill level 3 in Earth Magic
   394 | D:1      | Reached XP level 2. HP: 20/20 MP: 4/7
  1307 | D:2      | Reached XP level 3. HP: 26/26 MP: 7/9
  1311 | D:2      | Learned a level 3 spell: Stone Arrow
  2700 | D:3      | Reached skill level 1 in Conjurations
  2700 | D:3      | Reached XP level 4. HP: 33/33 MP: 7/11
  3242 | D:4      | Reached skill level 4 in Earth Magic
  3242 | D:4      | Reached XP level 5. HP: 13/38 MP: 7/12
  3894 | D:4      | Reached XP level 6. HP: 29/45 MP: 10/14
  4521 | D:4      | Found a runed translucent door.
  4522 | D:4      | Noticed Crazy Yiuf
  4527 | D:4      | Killed Crazy Yiuf
  4653 | D:5      | Entered Level 5 of the Dungeon
  4653 | D:5      | Noticed a wyvern
  4691 | D:5      | Noticed Eustachio
  4691 | D:5      | Noticed a water moccasin
  4694 | D:5      | Killed Eustachio
  4695 | D:5      | Noticed Ijyb
  4699 | D:5      | Killed a water moccasin
  4700 | D:5      | Reached skill level 5 in Earth Magic
  4700 | D:5      | Reached XP level 7. HP: 36/50 MP: 0/16
  4826 | D:5      | Noticed Dowan
  4828 | D:5      | Noticed Duvessa
  5047 | D:5      | Noticed Grinder
  5060 | D:5      | Killed Grinder
  5129 | D:5      | Killed Ijyb
  5202 | D:5      | Found a staircase to the Ecumenical Temple.
  5422 | D:5      | Noticed Sigmund
  5427 | D:5      | Killed Sigmund
  5428 | D:5      | Reached skill level 5 in Spellcasting
  5428 | D:5      | Reached skill level 6 in Earth Magic
  5428 | D:5      | Reached XP level 8. HP: 49/57 MP: 8/19
  5469 | D:5      | Reached skill level 5 in Conjurations
  5626 | D:5      | Killed Duvessa
  5754 | D:5      | Killed Dowan
  6210 | D:6      | Reached skill level 1 in Armour
  6492 | D:6      | Reached skill level 7 in Earth Magic
  6603 | D:6      | Reached XP level 9. HP: 62/62 MP: 19/22
  6917 | D:7      | Found Vanum's Armour Boutique.
  6943 | D:7      | Noticed Joseph
  6952 | D:7      | Killed Joseph
  8150 | D:8      | Reached skill level 8 in Earth Magic
  8274 | D:8      | Reached XP level 10. HP: 69/69 MP: 19/24
  8394 | D:8      | Noticed an orc sorcerer
  8413 | D:8      | Killed an orc sorcerer
  8947 | D:9      | Noticed a death yak
  8947 | D:9      | Noticed a death yak
  8947 | D:9      | Found a staircase to the Lair.
  8950 | D:9      | Noticed a death yak
  8950 | D:9      | Noticed a death yak
  8951 | D:9      | Noticed a death yak
  9478 | D:9      | Reached skill level 9 in Earth Magic
 10213 | D:9      | Learned a level 4 spell: Iskenderun's Mystic Blast
 10219 | D:9      | Learned a level 5 spell: Lee's Rapid Deconstruction
 10306 | D:9      | Learned a level 4 spell: Petrify
 10639 | D:8      | Killed a death yak
 10641 | D:8      | Slain by a death yak

Illustrated notes

Levels and vault maps discovered:
D:1:      onia_arrival_mini_spirals, layout_basic,
          shapermc_ecumenical_altar_mp_highgroup, minmay_misc_feat_secret_circle
D:2:      layout_loops_ring, chequers_serial_rivers_large_a, minmay_heptomino_o4
D:3:      layout_basic, mainiacjoe_overflow_chevrons, minmay_statues_item,
          minmay_circle_x
D:4:      layout_cave_pools, nicolae_wu_jian_immortal_techniques,
          lemuel_zombie_altar_kikubaaqudgha, nemelex_xobeh_ov_fountains_minmay,
          nicolae_ossuary_entry_catacombs, nicolae_figureground_sparkle,
          uniq_crazy_yiuf_cottage
D:5:      layout_rooms, grunt_gozag_statues, mainiacjoe_overflow_24_doors,
          minmay_temple_entry_stoned_glass, uniq_duvessa, uniq_grinder,
          uniq_ijyb, uniq_sigmund, uniq_eustachio
D:6:      layout_gridville, tso_oasis_becter, trog_ov_bears_minmay,
          minmay_quadrilaterals
D:7:      layout_cave_pools, fedhas_altar_decomposition, serial_shops,
          nicolae_shop_window_shopping, minmay_fractal_squares_5, uniq_joseph
D:8:      cheibrodos_wizards_tower, layout_loops_ring, lemuel_round_altar,
          kennysheep_mini_moat, nicolae_qazlal_general_emergency
D:9:      layout_small_grid, dpeg_lair_monsters, hangedman_tell_no_tales

Skill      XL: |  1  2  3  4  5  6  7  8  9 10 |
---------------+-------------------------------+-----
Spellcasting   | 2 3 4 5 6 7 8 |  8.4
Earth Magic    | 3 4 5 6 7 8 9 |  9.4
Conjurations   | 1 2 3 4 6 7 8 |  8.6
Armour         | 2 4 |  4.0
Dodging        | |  1.7
Stealth        | |  1.7
Transmutations | |  0.8

Action                   |  1- 3 |  4- 6 |  7- 9 | 10-12 || total
-------------------------+-------+-------+-------+-------++-------
Melee: Unarmed           |     2 |       |       |       ||     2
       Staff             |       |     8 |    12 |     1 ||    21
       Punch             |       |     1 |       |       ||     1
 Cast: Sandblast         |    79 |    52 |   121 |    45 ||   297
       Stone Arrow       |       |    10 |    42 |    41 ||    93
       Lee's Rapid Decon |       |       |       |    10 ||    10
  Use: Potion            |       |     1 |       |     2 ||     3
       Scroll            |       |     1 |       |    15 ||    16
Armor: Robe              |     7 |     2 |     2 |       ||    11
       Ring mail         |       |       |    16 |    35 ||    51
Dodge: Dodged            |    14 |    17 |    43 |    36 ||   110
